[Event "FIDE World School-ch G-15 2025"]
[Site "Vrnjacka Banja"]
[Date "2025.03.27"]
[Round "8.1"]
[White "Aldea, Maria-Antonia"]
[Black "Imomkuzieva, Nilufarkhon"]
[Result "1/2-1/2"]
[Annotator "NA RC"]
[ECO "A05"]
[WhiteElo "1954"]
[BlackElo "1983"]
[PlyCount "41"]
[EventDate "2025.03.19"]
[EventType "swiss"]
[EventCountry "SRB"]
[SourceTitle "playchess.com"]
[Source "ChessBase"]
[SourceQuality "1"]
[TimeControl "5400+30"]

1. Nf3 Nf6 2. g3 g6 3. b3 d5 4. Bb2 c5 5. Bg2 Bg7 6. c4 d4 7. b4 O-O 8. bxc5 Nc6 9. d3 e5 10. Nfd2 Bf5 11. Na3 a6 12. Nc2 Re8 13. O-O Qc8 14. Nb3 Bh3 15. e3 dxe3 16. fxe3 Bxg2 17. Kxg2 Qe6 18. Qe2 Nd7 19. Rad1 Rac8 20. Ba3 Nd8 21. e4 1/2-1/2

[Event "FIDE World School-ch G-15 2025"]
[Site "Vrnjacka Banja"]
[Date "2025.03.27"]
[Round "8.2"]
[White "Aadya Gupta"]
[Black "Japparbekova, Malika"]
[Result "1-0"]
[Annotator "NA RC"]
[ECO "E81"]
[WhiteElo "1928"]
[BlackElo "1878"]
[PlyCount "99"]
[EventDate "2025.03.19"]
[EventType "swiss"]
[EventCountry "SRB"]
[SourceTitle "playchess.com"]
[Source "ChessBase"]
[SourceQuality "1"]
[TimeControl "5400+30"]

1. d4 Nf6 2. c4 g6 3. Nc3 Bg7 4. e4 d6 5. f3 O-O 6. Nge2 Nbd7 7. Be3 c5 8. Qd2 a6 9. Nc1 Nh5 10. Nb3 cxd4 11. Nxd4 e6 12. Be2 Be5 13. O-O-O Ng7 14. g4 b5 15. cxb5 axb5 16. Bxb5 Nc5 17. Nc6 Qb6 18. Nxe5 dxe5 19. Qf2 Nxe4 20. Bxb6 Nxf2 21. Bxf2 Bb7 22. Be2 Rfc8 23. Kb1 f5 24. gxf5 exf5 25. Nd5 Bxd5 26. Rxd5 Re8 27. Bb5 Re6 28. Rhd1 h6 29. Rd8+ Rxd8 30. Rxd8+ Kh7 31. Bc4 Re7 32. a4 e4 33. fxe4 fxe4 34. a5 Nf5 35. a6 e3 36. Be1 h5 37. Rb8 Nd6 38. Be2 Kh6 39. Bb4 Rd7 40. Bxd6 Rxd6 41. a7 Rd2 42. a8=Q Rxe2 43. Rh8+ Kg5 44. Qd5+ Kg4 45. Qc4+ Kf3 46. Rf8+ Kg2 47. Qxe2+ Kh3 48. Qxe3+ Kxh2 49. Rf2+ Kh1 50. Qe1# 1-0

[Event "FIDE World School-ch G-15 2025"]
[Site "Vrnjacka Banja"]
[Date "2025.03.27"]
[Round "8.3"]
[White "Zarkym, Ailin"]
[Black "Assylkhan, Asiya"]
[Result "1/2-1/2"]
[Annotator "NA RC"]
[ECO "C00"]
[WhiteElo "1763"]
[BlackElo "1969"]
[PlyCount "87"]
[EventDate "2025.03.19"]
[EventType "swiss"]
[EventCountry "SRB"]
[SourceTitle "playchess.com"]
[Source "ChessBase"]
[SourceQuality "1"]
[TimeControl "5400+30"]

1. e4 e6 2. d3 d5 3. Nd2 Nf6 4. g3 c5 5. Bg2 Nc6 6. Ngf3 Be7 7. O-O O-O 8. h3 e5 9. exd5 Nxd5 10. Nc4 f6 11. a4 Be6 12. Re1 Qd7 13. Kh2 Rad8 14. Bd2 Bf7 15. Qc1 Rfe8 16. Be3 Bf8 17. a5 Qc7 18. Nfd2 Ndb4 19. Nb3 Nd4 20. Bxd4 cxd4 21. Nbd2 f5 22. Na3 h5 23. Ndc4 e4 24. Qd2 h4 25. Rad1 Bh5 26. Qg5 Bxd1 27. Rxd1 hxg3+ 28. fxg3 exd3 29. cxd3 Re2 30. Qxf5 Qc6 31. Rg1 Qf6 32. Qg4 Rde8 33. Nb5 Bc5 34. Kh1 Nxd3 35. Qh5 Qh6 36. Qf5 Nf2+ 37. Kh2 Rf8 38. Qd5+ Kh8 39. h4 Be7 40. Qxd4 Qf6 41. Qxf6 Rxf6 42. Nd4 Ng4+ 43. Kh3 Nf2+ 44. Kh2 1/2-1/2

[Event "FIDE World School-ch G-15 2025"]
[Site "Vrnjacka Banja"]
[Date "2025.03.27"]
[Round "8.4"]
[White "Preobrazhenskaya, Diana"]
[Black "Badica, Ariana"]
[Result "1-0"]
[Annotator "NA RC"]
[ECO "B75"]
[WhiteElo "2032"]
[BlackElo "1890"]
[PlyCount "73"]
[EventDate "2025.03.19"]
[EventType "swiss"]
[EventCountry "SRB"]
[SourceTitle "playchess.com"]
[Source "ChessBase"]
[SourceQuality "1"]
[TimeControl "5400+30"]

1. e4 c5 2. Nf3 d6 3. d4 cxd4 4. Nxd4 Nf6 5. Nc3 g6 6. Be3 Bg7 7. f3 a6 8. Qd2 h5 9. Bc4 b5 10. Bb3 Bb7 11. Nd5 Nbd7 12. O-O-O Ne5 13. Bg5 Nxd5 14. exd5 O-O 15. Bh6 a5 16. a3 b4 17. a4 Rc8 18. Bxg7 Kxg7 19. Qg5 Qd7 20. Rhe1 Rfe8 21. h3 Ba6 22. Kb1 Nc4 23. g4 hxg4 24. hxg4 e6 25. Rh1 Rh8 26. dxe6 fxe6 27. Rxh8 Rxh8 28. Re1 Re8 29. Rh1 Rg8 30. Rh6 Qf7 31. Qh4 Kf8 32. Rh7 Nd2+ 33. Ka2 Qxh7 34. Nxe6+ Ke8 35. Qxh7 Nxb3 36. Qxg8+ Ke7 37. cxb3 1-0

[Event "FIDE World School-ch G-15 2025"]
[Site "Vrnjacka Banja"]
[Date "2025.03.27"]
[Round "8.5"]
[White "Leisle, Darya"]
[Black "Ferrer Naranjo, Liennys"]
[Result "0-1"]
[Annotator "NA RC"]
[ECO "B12"]
[WhiteElo "1750"]
[BlackElo "1950"]
[PlyCount "80"]
[EventDate "2025.03.19"]
[EventType "swiss"]
[EventCountry "SRB"]
[SourceTitle "playchess.com"]
[Source "ChessBase"]
[SourceQuality "1"]
[TimeControl "5400+30"]

1. e4 c6 2. d4 d5 3. e5 Bf5 4. Nf3 e6 5. Be2 c5 6. c3 Nc6 7. O-O h6 8. a3 cxd4 9. cxd4 Nge7 10. Nc3 Nc8 11. Be3 Nb6 12. Nd2 Be7 13. f4 g5 14. fxg5 Bxg5 15. Bf2 Rg8 16. Nf3 a6 17. Kh1 h5 18. Nxg5 Qxg5 19. Bf3 Nc4 20. Qe2 N6a5 21. Rad1 O-O-O 22. Na4 Nb3 23. Nc5 Nbd2 24. Rg1 Qf4 25. Nd3 Bxd3 26. Qxd3 Nxf3 27. gxf3 Nxb2 28. Qc3+ Nc4 29. Bg3 Qe3 30. Rd3 Qe2 31. Rg2 Qf1+ 32. Rg1 Qh3 33. f4 h4 34. Bf2 Qf5 35. Rf3 Rxg1+ 36. Bxg1 Rg8 37. Qe1 Qg4 38. Rf2 Kb8 39. Qf1 Ne3 40. Qe1 h3 0-1

[Event "FIDE World School-ch G-15 2025"]
[Site "Vrnjacka Banja"]
[Date "2025.03.27"]
[Round "8.6"]
[White "Ashotia, Barbare"]
[Black "Margad, Munkhpurev"]
[Result "1-0"]
[Annotator "NA RC"]
[ECO "C18"]
[WhiteElo "1895"]
[BlackElo "1925"]
[PlyCount "61"]
[EventDate "2025.03.19"]
[EventType "swiss"]
[EventCountry "SRB"]
[SourceTitle "playchess.com"]
[Source "ChessBase"]
[SourceQuality "1"]
[TimeControl "5400+30"]

1. e4 e6 2. d4 d5 3. Nc3 Bb4 4. e5 c5 5. a3 Bxc3+ 6. bxc3 Ne7 7. Qg4 O-O 8. Bd3 f5 9. exf6 Rxf6 10. Bg5 Rf7 11. Qh5 g6 12. Qd1 e5 13. dxe5 Nbc6 14. f4 c4 15. Be2 Qb6 16. Rb1 Qa5 17. Qd2 Qxa3 18. Nf3 b6 19. O-O Qc5+ 20. Nd4 Nxd4 21. cxd4 Qc7 22. g4 Be6 23. Bf6 Qd7 24. f5 gxf5 25. Qg5+ Kf8 26. gxf5 Bxf5 27. Bxe7+ Qxe7 28. Rxf5 Qxg5+ 29. Rxg5 a5 30. Bg4 Ke7 31. Rxb6 1-0